 Dungeon Crawl Stone Soup version 0.29.1-2-gbd0b4ee654 (webtiles) character file.

Game seed: 12324310840490424138

40765 croobank the Spry (level 13, -8/66 HPs)
             Began as a Felid Summoner on Oct 26, 2022.
             Was an Initiate of Gozag.
             Shot with a bolt by an orc knight (36 damage)
             ... on level 2 of the Orcish Mines on Oct 27, 2022.
             The game lasted 04:02:53 (39124 turns).

croobank the Spry (Felid Summoner)                 Turns: 39124, Time: 04:02:54

Health: -8/66      AC:  3    Str:  4    XL:     13   Next: 76%
Magic:  26/29      EV: 30    Int: 20    God:    Gozag
Gold:   3264       SH:  0    Dex: 18    Spells: 1/34 levels left
                                        Lives:  0   Deaths: 4

rFire   + + +      SeeInvis +   (weapon unavailable)
rCold   + . .      Faith    .   (shield unavailable)
rNeg    . . .      Spirit   .   (body armour unavailable)
rPois   .          Reflect  .   (helmet unavailable)
rElec   .          Harm     .   (cloak unavailable)
rCorr   .          Rampage  .   (gloves unavailable)
Will    ++...                   (boots unavailable)
Stlth   +++.......              F - amulet "Zaloun" {RegenMP Will+}
HPRegen 0.21/turn               h - ring of protection from fire
MPRegen 0.61/turn               q - ring of protection from fire

@: quick
A: very small, claws 1, fangs 3, see invisible, speed 1, shaggy fur 3, stealthy
paws, no weapons or thrown items, no armour, multi-lived, fire resistance 1,
screaming 1, subdued magic 1
a: Renounce Religion, Potion Petition, Call Merchant, Bribe Branch


You were on level 2 of the Orcish Mines.
You worshipped Gozag.
Gozag was most pleased with you.
You visited 4 branches of the dungeon, and saw 21 of its levels.
You also visited: Volcano.

You collected 6763 gold pieces.
You spent 980 gold pieces at shops.
You paid 2519 gold pieces to Gozag.

Inventory:

Jewellery
 d - a +6 ring of strength
 e - an amulet of regeneration
 f - a ring of poison resistance
 h - a ring of protection from fire (left paw)
 q - a ring of protection from fire (right paw)
 u - a ring of protection from fire
 v - a +4 ring of protection
 C - an amulet of reflection
 E - a ring of ice
 F - the amulet "Zaloun" (around neck) {RegenMP Will+}
   (You found it on level 3 of the Lair of Beasts)

   [amulet of magic regeneration]

   It increases your rate of magic regeneration.
   Will:      It increases your willpower.
 G - a +6 ring of strength
 H - a +6 ring of strength
Wands
 a - a wand of flame (47)
 l - a wand of digging (9)
 y - a wand of polymorph (8)
 A - a wand of mindburst (9)
Scrolls
 j - 6 scrolls of amnesia
 m - 2 scrolls of butterflies
 o - a scroll of identify
 p - 3 scrolls of poison
 r - 2 scrolls of vulnerability
 t - 2 scrolls of immolation
 z - 4 scrolls of teleportation
 B - a scroll of magic mapping
Potions
 b - 3 potions of curing
 c - 3 potions of flight
 g - 2 potions of brilliance
 i - a potion of attraction
 n - 2 potions of might
 s - 3 potions of lignification
 w - 3 potions of magic
 x - 8 potions of ambrosia
 D - 2 potions of resistance
Miscellaneous
 k - a lightning rod (4/4)


   Skills:
 + Level 13.2 Fighting
 + Level 17.2 Dodging
 - Level 3.4 Stealth
 + Level 11.1 Spellcasting
 - Level 5.0 Hexes
 + Level 11.3 Summonings
 + Level 4.1 Necromancy
 + Level 5.3 Translocations
 + Level 2.5 Transmutations
 + Level 7.3 Air Magic
 + Level 4.1 Earth Magic


You had one spell level left.
You knew the following spells:

 Your Spells              Type           Power      Damage    Failure   Level
a - Summon Small Mammal   Summ           100%       N/A       1%          1
b - Call Imp              Summ           43%        N/A       1%          2
c - Call Canine Familiar  Summ           43%        N/A       1%          3
d - Summon Guardian Gole  Hex/Summ       33%        N/A       1%          3
e - Summon Lightning Spi  Summ/Air       37%        N/A       1%          4
f - Airstrike             Air            15%        2d(3-19)  2%          4
g - Ignite Poison         Fire/Tmut/Pois 11%        N/A       11%         3
h - Borgnjor's Vile Clut  Necr/Erth      10%        N/A       28%         5
i - Summon Forest         Summ/Tloc      17%        N/A       4%          5
m - Mephitic Cloud        Conj/Pois/Air  16%        N/A       5%          3

Your spell library contained the following spells:

 Spells                   Type           Power      Damage    Failure   Level
 Shock                    Conj/Air       76%        1d7       1%          1
 Static Discharge         Conj/Air       19%        3-6/arc   1%          2
 Gell's Gravitas          Tloc           25%        N/A       1%          3
 Lesser Beckoning         Tloc           25%        N/A       1%          3
 Swiftness                Air            31%        N/A       1%          3
 Teleport Other           Tloc           25%        N/A       1%          3
 Tukima's Dance           Hex            23%        N/A       1%          3
 Passage of Golubria      Tloc           25%        N/A       5%          4
 Dispel Undead            Necr           21%        3d11      9%          4
 Conjure Flame            Conj/Fire      8%         6-21      16%         3
 Yara's Violent Unravell  Hex/Tmut       10%        3d6       30%         5
 Summon Hydra             Summ           21%        N/A       41%         7
 Sticky Flame             Conj/Fire      8%         2d3       47%         4
 Freezing Cloud           Conj/Ice/Air   8%         6-21      47%         5
 Alistair's Intoxication  Tmut/Pois      8%         N/A       65%         5
 Conjure Ball Lightning   Conj/Air       9%         3x3d6     89%         6
 Eringya's Noxious Bog    Tmut/Pois      6%         N/A       99%         6
 Storm Form               Tmut/Air       11%        N/A       99%         7
 Discord                  Hex            11%        N/A       100%        8
 Disjunction              Tloc           12%        N/A       100%        8
 Maxwell's Capacitive Co  Air            15%        ∞         100%        8


Dungeon Overview and Level Annotations

Branches:
Dungeon (13/15)            Temple (1/1) D:4            Lair (5/5) D:9
  Swamp (0/4) Lair:2        Snake (0/4) Lair:2        Slime (0/5) Lair:5
    Orc (2/2) D:11        Volcano (visited)
    Elf: Orc:2       Vaults: D:13-14

Altars:
Ashenzari
Dithmenos
Elyvilon
Fedhas
Gozag
Hepliaklqana
Kikubaaqudgha
Makhleb
Nemelex Xobeh
Okawaru
Qazlal
Ru
Sif Muna
Trog
Uskayaw
Vehumet
Wu Jian
Xom
Zin
The Shining One
Jiyva
Lugonu

Shops:
D:4 [   D:11 :   Orc:2 [

Portals:
Abyss: Lair:5

Annotations:
D:10 exclusion: obsidian statue
Lair:2 1 runed translucent door
Orc:1 2 runed translucent doors, gdog's ghost, journeyman GnDe


Innate Abilities, Weirdness & Mutations

You have sharp claws.
You have razor-sharp teeth.
You have supernaturally acute eyesight. (SInv)
You cover ground quickly. (Speed+)
Your thick and shaggy fur keeps you warm. (AC +3, rC+)
Your paws help you pounce on unaware monsters.
You are incapable of wielding weapons or throwing items.
You cannot wear armour.
You gain extra lives every three experience levels.
Your flesh is heat resistant. (rF+)
You occasionally shout uncontrollably at your foes.
Your spells are a little easier to cast, but a little less powerful.


Message History

Press: ? - help, Shift-Dir - straight line, f - orc sorcerer
Aim: an orc sorcerer, wielding a +0 dagger and wearing a +1 robe (wandering, hasn't noticed you, chance to affect: 58%)
The ball explodes into a vile cloud!
The stinking cloud engulfs the orc sorcerer but does no damage.
The orc sorcerer shouts!
The orc knight shouts!
You hear a shout!
The orc sorcerer is engulfed in noxious fumes.
The orc sorcerer appears confused.
Casting: Mephitic Cloud (dangerous; 5% risk of failure)
Confirm with . or Enter, or press ? or * to list all spells.
Aiming: Mephitic Cloud (dangerous; 5% risk of failure)
Press: ? - help, Shift-Dir - straight line, p - orc sorcerer The ball explodes into a vile cloud!
The stinking cloud engulfs the orc knight but does no damage.
The orc sorcerer is engulfed in noxious fumes.
The orc sorcerer appears confused.
The orc knight shoots a bolt.
The bolt completely misses you.
The orc sorcerer is engulfed in noxious fumes.
The orc sorcerer appears confused.
The orc knight is engulfed in noxious fumes.
The orc knight shoots a bolt.
The bolt completely misses you.
The orc knight is engulfed in noxious fumes.
The orc knight appears confused.
The orc knight shoots a bolt.
The bolt closely misses you.
Your lightning spire shoots out a bolt of lightning at the orc knight!
The bolt of electricity hits the orc knight!!
The bolt of electricity hits the orc knight.
You see here a +0 dagger.
A cyclops comes into view.
You yowl at the cyclops!
The orc knight is engulfed in noxious fumes.
The orc knight shoots a bolt.
The bolt hits you!!!
Ouch! That really hurt!
The orc knight is engulfed in noxious fumes.
The orc knight appears confused.
Your lightning spire shoots out a bolt of lightning at the orc knight!
The bolt of electricity hits the orc knight! x2
The orc knight shoots a bolt.
The bolt hits you!!!
Ouch! That really hurt!
You die...
Your body crumbles into a pile of gold.

#........##.#.)...)...#..#.......
..........###..#(##.......#...#..
##.....<.###...#....#####..####..
##.......# ##...........####. ...
##.#^#.## ####.....)....... ..#
####...# #.##.......... ..# ##.##
#..##......... ### #'####...###..
#@.####### # #..)..# #8....###
####o$o$'. #...o°###C. #.....#
#..#### o... ..#..


You could see 2 orc knights, an orc sorcerer (confused) and a friendly lightning
spire (summoned).

Vanquished Creatures
  Rupert (Lair:3)
  A lindwurm (Lair:3)
  A deep troll (D:11)
  2 orc knights (Orc:2)
  An orc sorcerer (Orc:2)
  An efreet (Volcano)
  3 trolls
  A meliai (Lair:4)
  5 saltlings (Orc:2)
  A blink frog (Lair:4)
  A yak (D:11)
  2 fire elementals (Volcano)
  A vampire mosquito (D:10)
  A warg (Orc:1)
  Edmund (D:5)
  An orc warrior (Orc:2)
  An ogre (Orc:2)
  3 killer bees
  A jelly (D:5)
  4 orc priests
  5 orc wizards
  A hell rat (Lair:3)
  Robin (D:2)
  A gnoll (D:12)
  8 orcs
  2 endoplasms
  A giant cockroach (D:1)
  3 hobgoblins (D:2)
  4 bats
  A kobold (D:1)
60 creatures vanquished.

Vanquished Creatures (collateral kills)
  An orc warlord (Orc:2)
  Josephine (D:11)
  Fannar (Orc:1)
  2 boulder beetles
  A two-headed ogre (D:10)
  Urug (D:11)
  5 death yaks (Lair:2)
  A thrashing horror (Lair:5)
  Sonja (Lair:2)
  A deep elf pyromancer (D:12)
  An orc knight (Orc:2)
  An orc sorcerer (Orc:2)
  A manticore (D:12)
  6 elephants
  3 cyclopes
  10 slime creatures
  5 black mambas
  2 cane toads (Lair:5)
  Maurice (D:8)
  Maggie (D:8)
  An unseen horror (D:11)
  6 komodo dragons
  An ancient zyme (Lair:5)
  5 rime drakes
  5 trolls
  A saltling (Orc:2)
  25 blink frogs
  3 large abominations (Lair:5)
  A slime creature (shapeshifter) (Lair:5)
  6 dream sheep (Lair:5)
  A vampire (D:11)
  Sigmund (D:2)
  4 wraiths (D:11)
  41 yaks
  7 small abominations (Lair:5)
  5 basilisks
  5 fire bats (Volcano)
  2 wyverns
  3 chaos spawn (Lair:5)
  3 steam dragons (D:9)
  2 wargs
  4 nagas (Lair:2)
  12 water moccasins
  An acid dragon (D:12)
  10 orc warriors
  2 centaurs (D:8)
  15 wolves
  A phantom (D:6)
  A kobold brigand (D:8)
  2 gnoll sergeants (D:12)
  9 bullfrogs
  2 scorpions
  2 wights (D:8)
  11 killer bees
  2 nameless horrors (D:8)
  8 howler monkeys
  7 lava snakes (Volcano)
  2 hounds (D:7)
  3 jellies
  Crazy Yiuf (D:5)
  4 gnoll boudas
  5 orc priests
  4 iguanas
  17 orc wizards
  5 hell rats
  22 gnolls
  5 adders
  A shadow imp (D:7)
  A worm (D:2)
  4 dart slugs
  63 orcs
  4 endoplasms
  3 giant cockroaches
  12 goblins
  8 hobgoblins
  10 jackals
  2 quokkas
  7 ball pythons
  3 bats
  5 frilled lizards
  14 kobolds
  4 rats (D:1)
472 creatures vanquished.

Vanquished Creatures (others)
  An orc warlord (D:11)
  Harold (Lair:1)
  2 hydras
  A boulder beetle (D:12)
  2 two-headed ogres
  A thrashing horror (Lair:5)
  An orc knight (Orc:1)
  2 ugly things (Lair:5)
  A cyclops (Orc:2)
  2 elephants (Lair:4)
  2 black mambas
  4 cane toads
  A gargoyle (D:12)
  A komodo dragon (Lair:5)
  Psyche (D:9)
  A troll (D:8)
  A queen bee (Lair:4)
  2 meliai (Lair:4)
  A saltling (Orc:2)
  6 blink frogs
  4 slime creatures
  A shadow (D:9)
  10 yaks
  A spriggan (Lair:5)
  2 ynoxinuls (Lair:5)
  2 vampire mosquitoes (D:10)
  Menkaure (D:5)
  2 nagas (Lair:2)
  2 small abominations (Lair:5)
  A warg (Orc:1)
  A water moccasin (Lair:2)
  A water moccasin (shapeshifter) (Lair:5)
  A black bear (D:6)
  3 orc warriors
  5 wolves
  A centaur (D:8)
  A kobold brigand (D:6)
  A bullfrog (D:6)
  5 killer bees (Lair:4)
  An orc priest (D:7)
  2 hounds (D:6)
  Ijyb (D:5)
  3 gnolls
  5 orcs
  5 kobolds (D:6)
  A bush (Lair:5)
  59 fungi
  9 pillars of salt (Orc:2)
  55 plants
  4 toadstools (D:1)
224 creatures vanquished.

Grand Total: 756 creatures vanquished

Notes
Turn   | Place    | Note
-------+----------+-------------------------------------------
     0 | D:1      | croobank the Felid Summoner began the quest for the Orb.
     0 | D:1      | Reached XP level 1. HP: 7/7 MP: 4/4
   202 | D:1      | Reached skill level 3 in Dodging
   202 | D:1      | Reached XP level 2. HP: 11/11 MP: 1/6
   205 | D:1      | Learned a level 2 spell: Call Imp
   681 | D:1      | Found a faded altar of an unknown god.
  1211 | D:2      | Reached XP level 3. HP: 14/14 MP: 2/7
  1215 | D:2      | Learned a level 3 spell: Call Canine Familiar
  1455 | D:2      | Noticed Sigmund
  1468 | D:2      | Killed Sigmund
  1469 | D:2      | Reached skill level 1 in Fighting
  1469 | D:2      | Reached skill level 4 in Dodging
  1469 | D:2      | Reached XP level 4. HP: 19/19 MP: 7/9
  1469 | D:2      | Reached XP level 5. HP: 22/22 MP: 7/10
  1471 | D:2      | Noticed Robin
  1473 | D:2      | Learned a level 3 spell: Summon Guardian Golem
  1474 | D:2      | Killed Robin
  2236 | D:2      | Identified a scroll of acquirement
  2236 | D:2      | Acquired an amulet of regeneration
  2317 | D:3      | Reached skill level 1 in Hexes
  2728 | D:3      | Gained mutation: You are covered in thick fur. (AC +2)
                  | [Felid growth]
  2728 | D:3      | Reached XP level 6. HP: 26/26 MP: 3/11
  2760 | D:3      | Reached skill level 5 in Summonings
  3332 | D:3      | Reached skill level 5 in Dodging
  3708 | D:4      | Found Orghatewy's Armour Boutique.
  3910 | D:4      | Found a staircase to the Ecumenical Temple.
  3939 | Temple   | Entered the Ecumenical Temple
  3944 | Temple   | Became a worshipper of Gozag Ym Sagoz the Greedy
  4101 | D:4      | Identified the +0 robe "Nauvaom" {Int+4}
  4267 | D:4      | Found an iron altar of Okawaru.
  4267 | D:4      | Found a glowing golden altar of the Shining One.
  4267 | D:4      | Found a white marble altar of Elyvilon.
  4267 | D:4      | Found a shimmering blue altar of Sif Muna.
  4286 | D:4      | Found a hide-covered altar of Uskayaw.
  4286 | D:4      | Found a sparkling altar of Nemelex Xobeh.
  4604 | D:5      | Entered Level 5 of the Dungeon
  4604 | D:5      | Noticed Ijyb
  4747 | D:4      | Learned a level 3 spell: Mephitic Cloud
  4839 | D:4      | Reached XP level 7. HP: 25/30 MP: 5/13
  5224 | D:5      | Noticed Edmund
  5250 | D:5      | Killed Edmund
  5608 | D:5      | Found a runed translucent door.
  5609 | D:5      | Noticed Crazy Yiuf
  5632 | D:5      | Killed Crazy Yiuf
  5633 | D:5      | Reached skill level 6 in Dodging
  6000 | D:5      | Found a shadowy altar of Dithmenos.
  6053 | D:5      | Killed Ijyb
  6200 | D:5      | Noticed Menkaure
  6210 | D:5      | Killed Menkaure
  6211 | D:5      | Reached XP level 8. HP: 36/36 MP: 9/15
  6354 | D:5      | Found an ornate altar of the Wu Jian Council.
  7223 | D:6      | Reached skill level 5 in Hexes
  7384 | D:6      | Learned a level 4 spell: Summon Lightning Spire
  7449 | D:6      | Reached skill level 7 in Dodging
  7449 | D:6      | Reached skill level 1 in Air Magic
  7772 | D:6      | Slain by a killer bee
  7773 | D:6      | Reached XP level 7. HP: 0/33 MP: 3/15
  7818 | D:7      | Reached skill level 5 in Spellcasting
  7913 | D:7      | Reached XP level 8. HP: 36/36 MP: 12/16
  8346 | D:7      | Found a sacrificial altar of Ru.
  8410 | D:7      | Reached skill level 5 in Fighting
  8535 | D:7      | Identified the +2 plate armour "Jamuocoyq" {rPois rF+ rN++
                  | Int-4}
  8999 | D:8      | Found a burning altar of Makhleb.
  9002 | D:8      | Found a broken altar of Ashenzari.
  9005 | D:8      | Noticed Maggie
  9027 | D:8      | Killed Maggie
  9041 | D:8      | Reached skill level 8 in Dodging
  9289 | D:8      | Reached XP level 9. HP: 40/40 MP: 13/18
 10077 | D:8      | Noticed Maurice
 10160 | D:8      | Killed Maurice
 10417 | D:9      | Found a shimmering altar of Xom.
 10417 | D:9      | Found a shimmering altar of Xom.
 10432 | D:8      | HP: 2/41 [gnoll/+0 spear[a gnoll bouda] (8)]
 10633 | D:9      | Noticed a troll
 10662 | D:8      | Killed a troll
 11190 | D:9      | Reached skill level 9 in Dodging
 11191 | D:9      | Noticed a troll
 11203 | D:9      | Found a shimmering altar of Xom.
 11205 | D:9      | Found a shimmering altar of Xom.
 11211 | D:9      | Found a shimmering altar of Xom.
 11216 | D:9      | Found a shimmering altar of Xom.
 11216 | D:9      | Found a shimmering altar of Xom.
 11567 | D:8      | Killed a troll
 11819 | D:9      | Noticed Psyche
 11841 | D:9      | Killed Psyche
 11916 | D:9      | Reached XP level 10. HP: 45/46 MP: 13/20
 12134 | D:10     | Entered Level 10 of the Dungeon
 12291 | D:10     | Learned a level 4 spell: Airstrike
 12298 | D:10     | Noticed an obsidian statue
 12349 | D:10     | Noticed a two-headed ogre
 12360 | D:10     | Killed a two-headed ogre
 13124 | D:10     | Reached skill level 10 in Dodging
 13151 | D:10     | Reached skill level 5 in Air Magic
 13818 | D:11     | Noticed a deep troll
 13865 | D:11     | Noticed a cyclops
 13880 | D:11     | Killed a cyclops
 14130 | D:9      | Found a staircase to the Lair.
 14621 | Lair:1   | Entered Level 1 of the Lair of Beasts
 14621 | Lair:1   | Noticed a four-headed hydra
 14701 | Lair:1   | Killed a four-headed hydra
 14702 | Lair:1   | Reached XP level 11. HP: 25/50 MP: 14/23
 14720 | Lair:1   | HP: 1/50 [yak (6)]
 14720 | Lair:1   | Slain by a yak
 14721 | Lair:1   | Reached XP level 10. HP: -4/47 MP: 10/22
 14856 | Lair:1   | Noticed a cane toad
 14862 | Lair:1   | Noticed a black mamba
 14880 | Lair:1   | Killed a black mamba
 14880 | Lair:1   | Killed a cane toad
 14899 | Lair:1   | Noticed a boulder beetle
 14928 | Lair:1   | Noticed a black mamba
 14950 | Lair:1   | Noticed Harold
 14951 | Lair:1   | Noticed a cane toad
 14959 | Lair:1   | Found a dark tunnel.
 15033 | Volcano  | Entered a volcano
 15208 | Volcano  | Reached skill level 11 in Dodging
 15478 | Volcano  | Found a radiant altar of Vehumet.
 15478 | Volcano  | Noticed a molten gargoyle
 15789 | Lair:1   | Killed Harold
 16001 | Lair:1   | Reached XP level 11. HP: 52/52 MP: 17/24
 16325 | Lair:1   | HP: 2/52 [rime drake/flash freeze (25)]
 16410 | Lair:1   | Killed a boulder beetle
 16411 | Lair:1   | Reached skill level 12 in Dodging
 16528 | Lair:1   | Reached skill level 10 in Summonings
 17045 | Lair:2   | Noticed a boulder beetle
 17088 | Lair:2   | Slain by a boulder beetle
 17089 | Lair:2   | Reached XP level 10. HP: 0/49 MP: 16/23
 17098 | Lair:2   | Noticed a cane toad
 17109 | Lair:2   | Found a staircase to the Snake Pit.
 17342 | Lair:2   | Killed a boulder beetle
 17343 | Lair:2   | Reached XP level 11. HP: 53/53 MP: 2/25
 17781 | Lair:2   | Found a runed translucent door.
 18019 | Lair:2   | Reached skill level 13 in Dodging
 18070 | Lair:2   | Found a staircase to the Swamp.
 18130 | Lair:2   | Noticed Sonja
 18142 | Lair:2   | Killed Sonja
 18793 | Lair:3   | Noticed a death yak
 18793 | Lair:3   | Noticed a death yak
 18793 | Lair:3   | Noticed a death yak
 18793 | Lair:3   | Noticed a death yak
 18794 | Lair:3   | Noticed a death yak
 18844 | Lair:2   | Killed a death yak
 18845 | Lair:2   | Reached skill level 10 in Fighting
 18971 | Lair:2   | Killed a death yak
 19204 | Lair:2   | Killed a death yak
 19301 | Lair:2   | Killed a death yak
 19461 | Lair:2   | Killed a death yak
 19490 | Lair:3   | Identified the amulet "Zaloun" {RegenMP Will+}
 19697 | Lair:3   | Reached skill level 10 in Spellcasting
 19720 | Lair:3   | Noticed Rupert
 20088 | Lair:3   | Reached skill level 14 in Dodging
 20145 | Lair:3   | Learned a level 3 spell: Ignite Poison
 20151 | Lair:3   | Killed Rupert
 20152 | Lair:3   | Gained mutation: Your thick and shaggy fur keeps you warm.
                  | (AC +3, rC+) [Felid growth]
 20152 | Lair:3   | Reached XP level 12. HP: 46/59 MP: 1/27
 22090 | Lair:4   | Reached skill level 15 in Dodging
 22142 | Lair:4   | Gained mutation: Your spells are a little easier to cast,
                  | but a little less powerful. [potion of mutation]
 22142 | Lair:4   | Gained mutation: Your flesh is heat resistant. (rF+)
                  | [potion of mutation]
 24641 | Lair:5   | Entered Level 5 of the Lair of Beasts
 24831 | Lair:5   | Noticed an eight-headed hydra
 25508 | Lair:5   | Reached XP level 13. HP: 16/64 MP: 24/28
 25805 | Lair:5   | Reached skill level 16 in Dodging
 25806 | Lair:5   | Reached skill level 1 in Necromancy
 25909 | Lair:5   | Reached skill level 1 in Earth Magic
 26189 | Lair:5   | Found a runed translucent door.
 26189 | Lair:5   | Found a viscous altar of Jiyva.
 26189 | Lair:5   | Found a staircase to the Slime Pits.
 26996 | Lair:5   | Learned a level 5 spell: Borgnjor's Vile Clutch
 27758 | Lair:5   | Acquired a Fen Folio
 30388 | Lair:5   | Found a corrupted altar of Lugonu.
 30388 | Lair:5   | Found a one-way gate to the infinite horrors of the Abyss.
 30700 | D:11     | Found Vofuddaa's Book Emporium.
 30728 | D:11     | Bought a book of the Sky for 616 gold pieces
 30734 | D:11     | Learned a level 5 spell: Summon Forest
 30789 | D:11     | Reached skill level 1 in Translocations
 30827 | D:11     | Noticed Josephine
 30843 | D:11     | Killed Josephine
 31049 | D:11     | Found a staircase to the Orcish Mines.
 31248 | D:11     | Acquired Great Wizards, Vol. VII
 31354 | D:11     | Bought a book of Touch for 364 gold pieces
 31470 | D:11     | Noticed Urug
 31479 | D:11     | Killed Urug
 31861 | D:11     | Reached XP level 14. HP: 59/67 MP: 16/29
 32119 | D:11     | HP: 1/68 [deep troll (12)]
 35453 | Orc:1    | Entered Level 1 of the Orcish Mines
 35455 | Orc:1    | Noticed an orc warlord
 35468 | Orc:1    | Slain by an orc warlord
 35469 | Orc:1    | Reached XP level 13. HP: -4/61 MP: 14/28
 35498 | Orc:1    | Reached skill level 17 in Dodging
 35498 | Orc:1    | Reached skill level 1 in Transmutations
 35728 | Orc:1    | Found a large runed translucent door.
 35730 | Orc:1    | Found a large runed translucent door.
 35779 | Orc:1    | Noticed gdog's ghost (journeyman GnDe)
 35980 | Orc:1    | Noticed Fannar
 36306 | D:11     | Killed an orc warlord
 36503 | Orc:1    | Killed Fannar
 37161 | Orc:2    | Entered Level 2 of the Orcish Mines
 37835 | Orc:2    | Found Goreal's Antique Armour Emporium.
 38177 | Orc:2    | Reached skill level 5 in Translocations
 38603 | Orc:2    | Noticed an orc warlord
 38628 | Orc:2    | Killed an orc warlord
 38829 | Orc:2    | Gained mutation: You occasionally shout uncontrollably at
                  | your foes. [a neqoxec]
 39124 | Orc:2    | Shot with a bolt by an orc knight

Illustrated notes

Levels and vault maps discovered:
D:1:      ldierk_water_garden, layout_rooms, shapermc_ecumenical_altar_petra,
          minmay_misc_feat_room, minmay_misc_feat_square
D:2:      cheibrodos_helix_gallery, layout_basic, uniq_sigmund, uniq_robin
D:3:      layout_basic
D:4:      layout_basic, minmay_overflow_temple_hex,
          minmay_temple_entry_crystal_x, serial_shops, shop,
          dreamdust_princess_bridge
D:5:      layout_basic, kennysheep_little_box, nicolae_wu_jian_wuxing_cycle,
          uniq_edmund, uniq_crazy_yiuf_cottage, uniq_menkaure, uniq_ijyb
D:6:      layout_rooms
D:7:      layout_basic, lemuel_coloured_pillars_altar,
          corexii_mini_fake_secret_closet
D:8:      layout_basic, mainiacjoe_overflow_catwalk_spiral, uniq_maurice,
          uniq_maggie
D:9:      layout_cave_pools, nicolae_xom_altar_mimics, dpeg_oklobed_lair,
          uniq_psyche
D:10:     layout_basic, minmay_statue_bubble
D:11:     dreamdust_cave_troll, layout_irregular_city, orc_0_dummy,
          serial_shops, shop, uniq_urug, uniq_josephine
D:12:     layout_roguey
D:13:     layout_loops_ring, grunt_vaults_entry_fortified, minmay_hidden_floor
Temple:   nicolae_temple_ecumenical_triangle
Lair:1:   layout_roguey, lightli_volcano_entry_magma_tube, grunt_megastairs_2,
          serial_bayou_shore_b, uniq_harold
Lair:2:   dreamdust_labyrinth, layout_gridlike, swamp_mist_pool,
          minmay_snake_entry_guardpost_medium, nicolae_quartered_pool_little,
          serial_bayou_pond_e, uniq_sonja
Lair:3:   layout_regular_city, guppyfry_lair_drakes, serial_bayou_shore_b,
          uniq_rupert
Lair:4:   layout_cave_pods, portal_ice_cave_entry_pillars_1, special_room
          [special_room_bee]
Lair:5:   hellmonk_lair_end_abyssal_woods, layout_cellular_growth,
          slime_entry_2, infiniplex_staircase_pool_2
Orc:1:    layout_caves, ebering_ghost_disaster_area, uniq_fannar
Orc:2:    hellmonk_orc_salted, layout_caves, serial_shops, nicolae_shop_trees,
          shop

Skill      XL: |  1  2  3  4  5  6  7  8  9 10 11 12 13 14 |
---------------+-------------------------------------------+-----
Stealth        | 3 |  3.4
Dodging        | 3 4 5 6 8 9 11 14 15 17 | 17.2
Fighting       | 1 2 3 5 6 8 10 12 13 | 13.2
Spellcasting   | 3 5 6 9 10 11 | 11.1
Hexes          | 1 2 4 5 |  5.0
Summonings     | 5 7 8 9 10 11 | 11.3
Air Magic      | 3 4 6 7 |  7.3
Necromancy     | 4 |  4.1
Earth Magic    | 3 4 |  4.1
Translocations | 5 3 |  5.3
Transmutations | 2 |  2.5

Action                   |  1- 3 |  4- 6 |  7- 9 | 10-12 | 13-15 || total
-------------------------+-------+-------+-------+-------+-------++-------
Melee: Unarmed           |    39 |    10 |    38 |    74 |    95 ||   256
       Bite              |     1 |     2 |     2 |    15 |    21 ||    41
       Punch             |       |       |       |     4 |     3 ||     7
 Cast: Summon Small Mamm |    33 |    26 |    37 |    49 |    24 ||   169
       Call Imp          |     8 |    14 |    20 |    22 |    16 ||    80
       Call Canine Famil |     3 |    31 |    63 |    61 |    59 ||   217
       Summon Guardian G |       |       |    33 |    66 |    58 ||   157
       Mephitic Cloud    |       |       |    10 |    10 |    22 ||    42
       Summon Lightning  |       |       |    19 |   163 |   156 ||   338
       Airstrike         |       |       |       |     8 |    21 ||    29
       Ignite Poison     |       |       |       |     1 |       ||     1
       Borgnjor's Vile C |       |       |       |       |    40 ||    40
       Summon Forest     |       |       |       |       |     6 ||     6
Invok: Potion Petition   |       |       |     1 |     5 |       ||     6
Evoke: Wand              |       |       |     1 |     6 |     3 ||    10
       Lightning rod     |       |       |       |     5 |       ||     5
  Use: Potion            |     1 |       |     2 |    10 |     3 ||    16
       Scroll            |       |     8 |     9 |    14 |     7 ||    38
 Stab: Sleeping          |     1 |     3 |       |     3 |       ||     7
       Confused          |       |       |     2 |       |     1 ||     3
       Invisible         |       |       |       |     4 |       ||     4
       Distracted        |       |       |       |       |     2 ||     2
       Paralysed         |       |       |       |       |     1 ||     1
       Betrayed ally     |       |       |       |       |     1 ||     1
Armor: Skin              |     8 |     1 |    15 |    12 |    12 ||    48
Dodge: Dodged            |    47 |    44 |   179 |   499 |   421 ||  1190
